 Dungeon Crawl Stone Soup version 0.19.1 (webtiles) character file.

702 Illmatic the Cudgeler (level 7, 0/59 HPs)
             Began as a Demigod Fighter on Dec 21, 2016.
             Slain by Pikel
             ... wielding a +1 whip of flaming
              (3 damage)
             ... on level 5 of the Dungeon on Dec 22, 2016.
             The game lasted 00:09:32 (3654 turns).

Illmatic the Cudgeler (Demigod Fighter)             Turns: 3654, Time: 00:09:33

Health: 0/59       AC:  9    Str: 23      XL:     7   Next: 16%
Magic:  9/9        EV:  7    Int: 12      God:
Gold:   174        SH: 11    Dex: 12 (15) Spells: 0 memorised, 6 levels left

rFire  . . .     SeeInvis .     a - +0 flail
rCold  . . .     Gourm    .     b - +0 scale mail
rNeg   . . .     Faith    .     l - +2 shield
rPois  .         Spirit   .     (no helmet)
rElec  .         Reflect  .     d - +0 cloak
rCorr  .         Harm     .     m - +0 pair of gloves
MR     .....                    (no boots)
Stlth  ..........               (no amulet)
                                (no ring)
                                (no ring)

@: no status effects
A: high mp 1
a: no special abilities


You were on level 5 of the Dungeon.
You were hungry.

You visited 1 branch of the dungeon, and saw 6 of its levels.

You collected 174 gold pieces.

Inventory:

Hand Weapons
 a - a +0 flail (weapon)
Armour
 b - a +0 scale mail (worn)
 d - a +0 cloak (worn)
 l - a +2 shield (worn)
 m - a +0 pair of gloves (worn)
Jewellery
 k - a +3 amulet of reflection {unknown}
Scrolls
 c - a scroll of identify
 j - 5 scrolls of remove curse
 o - a scroll of noise
Comestibles
 f - 3 bread rations
 g - a meat ration
 h - a slice of pizza


   Skills:
 + Level 4.1 Fighting
 * Level 5.3 Maces & Flails
 + Level 4.5 Armour
 + Level 3.6 Shields


You had 6 spell levels left.
You didn't know any spells.

Dungeon Overview and Level Annotations

Branches:
Dungeon (6/15)             Temple (0/1) D:5

Annotations:
D:5 Pikel; Prince Ribbit
D:6 Meer's ghost, novice DsFi


Innate Abilities, Weirdness & Mutations

You have an increased reservoir of magic. (+10% MP)


Message History

Pikel burns you.
* * * LOW HITPOINT WARNING * * *
You hit Pikel but do no damage.
Pikel is moderately wounded.
Pikel hits you but does no damage.
You barely miss Pikel.
Pikel is moderately wounded.
Pikel hits you but does no damage.
You barely miss Pikel.
Pikel is moderately wounded.
You block Pikel's attack. Pikel barely misses you.
You thump Pikel!
Pikel is severely wounded.
Pikel barely misses you.
You hit Pikel but do no damage.
Pikel is severely wounded.
Pikel hits you with a whip of flaming.
* * * LOW HITPOINT WARNING * * *
Pikel burns you.
You die...

...#####. #.......#
#........ #.......#
#........ #....?..#
#.h...>.. #.......#
#........ ......#
#........ ....#
#....>Y5. #..#.###
#...p.... #@#...
#..pZpr.. #K#.####
#...K.p.. ##
#pp....#.#........ <#
#p#.#.##.#....§...
#####
#†#.#..#.#........
.....
#...#.#...p....###
..... #...#..........#
..... #..>###........#
....[
#######.#####........#


You could see Pikel (inner flame) and 3 slaves.

Vanquished Creatures
  2 scorpions
  A quasit (D:6)
  An orc priest (D:4)
  Crazy Yiuf (D:2)
  3 hounds
  A jelly (D:6)
  4 orc wizards (D:4)
  Ijyb (D:3)
  Natasha (D:2)
  A worker ant (D:4)
  3 gnolls (D:2)
  8 adders
  2 oozes (D:4)
  An adder skeleton (D:4)
  An adder zombie (D:6)
  A worm (D:2)
  2 dart slugs
  3 leopard geckos (D:2)
  6 orcs (D:4)
  7 giant cockroaches
  6 goblins
  7 hobgoblins
  9 jackals
  2 kobolds (D:2)
  5 quokkas
  4 bats
  8 frilled lizards
  A leopard gecko skeleton (D:6)
  6 rats
98 creatures vanquished.

Notes
Turn   | Place    | Note
-------+----------+-------------------------------------------
     0 | D:1      | Illmatic the Demigod Fighter began the quest for the Orb.
     0 | D:1      | Reached XP level 1. HP: 18/18 MP: 3/3
   258 | D:1      | Reached skill level 2 in Maces & Flails
   446 | D:1      | Reached XP level 2. HP: 25/25 MP: 4/4
  1076 | D:2      | Found a faded altar of an unknown god.
  1084 | D:2      | Reached XP level 3. HP: 30/30 MP: 5/5
  1414 | D:2      | Reached skill level 3 in Maces & Flails
  1528 | D:2      | Found a runed door.
  1639 | D:2      | Reached XP level 4. HP: 36/38 MP: 6/6
  1959 | D:2      | Noticed Crazy Yiuf
  1965 | D:2      | Killed Crazy Yiuf
  2008 | D:3      | Noticed Natasha
  2034 | D:2      | Killed Natasha
  2034 | D:2      | Reached XP level 5. HP: 25/45 MP: 7/7
  2272 | D:3      | Noticed Ijyb
  2297 | D:3      | Killed Ijyb
  2297 | D:3      | Reached skill level 4 in Maces & Flails
  2305 | D:3      | Noticed an ogre
  2603 | D:4      | Reached XP level 6. HP: 35/52 MP: 8/8
  3099 | D:5      | Entered Level 5 of the Dungeon
  3102 | D:5      | Noticed Prince Ribbit
  3187 | D:5      | Noticed Pikel
  3210 | D:5      | Found a staircase to the Ecumenical Temple.
  3212 | D:5      | HP: 2/52 [ice beast (14)]
  3241 | D:6      | Reached skill level 5 in Maces & Flails
  3442 | D:6      | Reached XP level 7. HP: 32/59 MP: 9/9
  3521 | D:6      | Noticed Meer's ghost (novice DsFi)
  3654 | D:5      | Slain by Pikel

Skill      XL: |  1  2  3  4  5  6 |
---------------+-------------------+-----
Maces & Flails | 2 3 4 5 |  5.3
Armour         | 3 4 |  4.5
Fighting       | 3 4 |  4.1
Shields        | 3 |  3.6

Action                   |  1- 3 |  4- 6 |  7- 9 || total
-------------------------+-------+-------+-------++-------
Melee: Flail             |   106 |   233 |    62 ||   401
  Use: Scroll            |     2 |     5 |     1 ||     8
       Potion            |       |    10 |       ||    10
  Eat: Chunk             |     2 |     6 |     1 ||     9
Armor: Scale mail        |    70 |   122 |    28 ||   220
Dodge: Dodged            |    68 |    98 |    23 ||   189
Block: Shield            |       |   158 |    39 ||   197
